 Dungeon Crawl Stone Soup version 0.31-a0-175-g9f7f995f2b (webtiles) character file.

Game seed: 13230290697468577075

35763 qw the Cleaver (level 13, 0/84 HPs)
             Began as a Gargoyle Fighter on June 16, 2023.
             Was an Elder of Okawaru.
             Slain by a death yak (6 damage)
             ... on level 5 of the Lair of Beasts.
             The game lasted 00:07:21 (14322 turns).

qw the Cleaver (Gargoyle Fighter)                  Turns: 14322, Time: 00:07:21

Health: 0/84       AC: 40    Str: 31    XL:     13   Next: 85%
Magic:  20/20      EV: 15    Int:  9    God:    Okawaru [****..]
Gold:   1013       SH:  6    Dex:  9    Spells: 12/12 levels left

rFire   . . .        Y - +0 war axe (heavy)
rCold   . . .        c - +0 buckler
rNeg    + . .        n - +1 plate armour
rPois   inf          y - +2 hat
rElec   +            v - +2 cloak
rCorr   .            e - +2 pair of gloves
SInv    .            w - +2 pair of boots
Will    .....        g - amulet of the acrobat Stlth
                     s - +5 ring of evasion
HPRegen 0.34/turn    t - +6 ring of strength
MPRegen 0.17/turn

%: acrobat
@: about to teleport, heroic
A: sickness immunity, AC +9, negative energy resistance 1, electricity
resistance, torment resistance 1, petrification resistance
a: Renounce Religion, Heroism, Finesse


You were on level 5 of the Lair of Beasts.
You worshipped Okawaru.
Okawaru was greatly pleased with you.
You visited 3 branches of the dungeon, and saw 18 of its levels.

You collected 1360 gold pieces.
You spent 347 gold pieces at shops.


Innate Abilities, Weirdness & Mutations

You are immune to sickness and miasma.
Your stone body is resilient. (AC +9)
You are immune to poison.
You resist negative energy. (rN+)
You are resistant to electric shocks. (rElec)
You are resistant to unholy torment.
You are immune to petrification.


   Skills:
 - Level 11.0(16.0) Fighting
 + Level 14.5(19.5) Axes
 - Level 2.8(7.8) Throwing
 - Level 10.0(15.0) Armour
 - Level 3.2(8.2) Dodging
 - Level 7.1(12.1) Shields
 - Level 10.0 Invocations


You had 12 spell levels left.
You didn't know any spells.
Your spell library was empty.

Inventory:

Hand Weapons
 f - a +1 war axe
 x - a +0 eveningstar
 Y - a +0 heavy war axe (weapon)
Armour
 b - a +0 chain mail of fire resistance
 c - a +0 buckler (worn)
 e - a +2 pair of gloves (worn)
 n - a +1 plate armour (worn)
 v - a +2 cloak (worn)
 w - a +2 pair of boots (worn)
 y - a +2 hat (worn)
 A - the +0 scale mail of Mordant Life {Drain rCorr Stlth+}
   (You bought it in a shop on level 8 of the Dungeon)

   rCorr:     It protects you from acid and corrosion.
   Drain:     It drains your maximum health when unequipped.
   Stlth:     It makes you more stealthy.
Jewellery
 a - a ring of fire
 g - an amulet of the acrobat (around neck)
 s - a +5 ring of evasion (left hand)
 t - a +6 ring of strength (right hand)
 u - a ring of protection from cold
 B - a ring of fire
Scrolls
 k - 3 scrolls of teleportation
 p - a scroll of identify
 r - a scroll of poison {unknown}
Potions
 d - a potion of might
 h - a potion of magic
 i - 3 potions of resistance
 j - 2 potions of cancellation
 l - 2 potions of curing
 m - a potion of lignification
 o - 4 potions of mutation
 q - a potion of haste
 z - 2 potions of attraction
 C - a potion of experience {unknown}

Dungeon Overview and Level Annotations

Branches:
Dungeon (12/15)            Temple (1/1) D:5            Lair (5/5) D:9
  Swamp (0/4) Lair:2        Snake (0/4) Lair:3        Slime (0/5) Lair:5
    Orc (0/2) D:9

Altars:
Ashenzari
Cheibriados
Dithmenos
Fedhas
Gozag
Hepliaklqana
Kikubaaqudgha
Nemelex Xobeh
Okawaru
Qazlal
Ru
Sif Muna
Trog
Uskayaw
Vehumet
Wu Jian
Xom
The Shining One
Jiyva
Lugonu

Shops:
D:8 [   D:10 !

Annotations:
D:10 1 runed translucent door, qw's ghost, novice GrFi


Message History

You slice the elephant!! You slash the elephant! The meliai closely misses you.
You block the meliai's attack. The skyshark barely misses you.
The skyshark tail-slaps you but does no damage. x2
The elephant misses you.
The elephant trunk-slaps you but does no damage.
The meliai hits you with a +0 broad axe.
The meliai stings you but does no damage.
The queen bee calls on something to defend it!
The death yak gores you!
You chop the skyshark into pieces!!!
You kill the skyshark!
Okawaru accepts your kill.
You slash the death yak! You slice the elephant!! You hit the elephant.
You hit the meliai.
The sentinel's mark upon you fades away.
The killer bee rages.
The meliai barely misses you. The meliai closely misses you.
The elephant tramples you but does no damage.
You block the elephant's attack.
The meliai invokes the aid of its god against you.
Something smites you! You block the killer bee's attack.
You block the elephant's attack.
The elephant trunk-slaps you but does no damage.
A death yak comes into view.
The death yak gores you but does no damage.
14322 ||| READING 4 scrolls of teleportation.
As you read the scroll of teleportation, it crumbles to dust.
You feel strangely unstable. You block the meliai's attack.
The meliai stings you. The killer bee closely misses you.
The elephant closely misses you.
The elephant trunk-slaps you but does no damage.
You hear an angry buzzing noise.
You block the meliai's attack.
The meliai stings you but does no damage.
The elephant tramples you.
You hold your ground!
The elephant trunk-slaps you but does no damage.
The queen bee calls on something to defend it!
The death yak gores you.
You die...

7..................#
...................#
...P.#....P.......y######
.....#.....P.....#y#....#
77.........#...........##
7....#........y.........
7............yY.........
7....##......FY##.....Y.
77..###..#.)yyY@yY..#
7..#P.......YYY#l...#
77..........Y.YyY...#.#
77...............#...#
7.....................#
7...........~~~..#.....#
...........P~~~P..#.....P
...........P~~~P.........
...........P~~~


You could see 6 death yaks, 5 elephants, a komodo dragon, a cane toad, a queen
bee, a meliai and 4 killer bees.

Vanquished Creatures
  Gastronok (Lair:2)
  2 hydras
  A two-headed ogre (D:8)
  2 boulder beetles
  3 death yaks
  A skyshark (Lair:5)
  An oklob plant (Lair:3)
  An ugly thing (D:11)
  A salamander (Lair:3)
  Joseph (D:8)
  4 black mambas
  A torpor snail (Lair:5)
  12 cane toads
  A smoke demon (Lair:5)
  3 rime drakes
  5 komodo dragons
  2 meliai (Lair:5)
  2 polar bears
  7 dream sheep
  20 blink frogs
  3 wyverns
  43 yaks
  A ynoxinul (Lair:5)
  3 basilisks
  Edmund (D:5)
  19 water moccasins
  An ice beast (D:6)
  A black bear (Lair:2)
  A sky beast (D:6)
  An orc warrior (D:8)
  5 small abominations (Lair:5)
  11 wolves
  A centaur (D:8)
  3 phantoms
  4 kobold brigands
  11 bullfrogs
  A gnoll sergeant (D:6)
  6 scorpions
  8 wights
  13 killer bees (Lair:5)
  A howler monkey (D:10)
  An electric eel (Lair:1)
  2 lava snakes (Lair:3)
  2 jellies (D:6)
  2 hounds
  8 orc priests
  3 gnoll boudas
  Jessica (D:2)
  Terence (D:2)
  3 iguanas
  7 orc wizards
  5 hell rats (Lair:1)
  4 adders
  27 gnolls
  2 white imps (D:7)
  2 ufetubi
  2 worms (D:3)
  32 orcs
  6 ball pythons
  6 endoplasms
  4 giant cockroaches
  7 goblins
  11 hobgoblins
  4 jackals (D:3)
  56 kobolds
  3 quokkas
  3 frilled lizards
  A rat (D:1)
  A spectral orc (D:8)
415 creatures vanquished.

Notes
Turn   | Place    | Note
-------+----------+-------------------------------------------
     0 | D:1      | qw the Gargoyle Fighter began the quest for the Orb.
     0 | D:1      | Reached XP level 1. HP: 14/14 MP: 1/1
     0 | D:1      | 0 ||| qw: Version: 0.2-a-29-g511e9b1
     0 | D:1      | 0 ||| qw: Game counter: 5740
     0 | D:1      | 0 ||| qw: Always use a shield: true
     0 | D:1      | 0 ||| qw: God list: Okawaru
     0 | D:1      | 0 ||| qw: Allow faded altars: false
     0 | D:1      | 0 ||| qw: Do Orc after D:15 true
     0 | D:1      | 0 ||| qw: Do second Lair branch before Depths: true
     0 | D:1      | 0 ||| qw: Lair rune preference: random
     0 | D:1      | 0 ||| qw: Plans: Normal, Zot:1-4, Slime:5, God:TSO, Crypt,
                  | Tomb, Abyss, Pan, Hells, Win
     0 | D:1      | 0 ||| PLANNING D:1-11
    23 | D:1      | Reached skill level 2 in Axes
    31 | D:1      | HP: 1/14 [gnoll/+0 club (3)]
    35 | D:1      | Reached XP level 2. HP: 3/19 MP: 2/2
    52 | D:1      | 52 ||| Stepping ~*~*~tactically~*~*~ (stealth).
   285 | D:1      | 285 ||| Stepping ~*~*~tactically~*~*~ (stealth).
   286 | D:1      | 286 ||| Stepping ~*~*~tactically~*~*~ (stealth).
   340 | D:1      | Reached skill level 3 in Axes
   474 | D:1      | Reached XP level 3. HP: 23/23 MP: 3/3
   718 | D:1      | 718 ||| UPGRADING to +0 pair of gloves.
   723 | D:1      | 723 ||| READING scroll labelled TETZETHRUBA.
   724 | D:1      | 724 ||| READING scroll labelled ZULELE EZAS.
   756 | D:2      | 756 ||| STAIRDANCE
   850 | D:2      | 850 ||| FLEEEEING.
   856 | D:2      | 856 ||| FLEEEEING.
   857 | D:2      | 857 ||| Stepping ~*~*~tactically~*~*~ (hiding).
   860 | D:2      | 860 ||| Stepping ~*~*~tactically~*~*~ (hiding).
   862 | D:2      | 862 ||| Stepping ~*~*~tactically~*~*~ (hiding).
   878 | D:2      | Noticed Terence
   880 | D:2      | 880 ||| STAIRDANCE
   913 | D:1      | 913 ||| DRINKING 2 sedimented sapphire potions.
   924 | D:2      | Killed Terence
   925 | D:2      | Reached XP level 4. HP: 20/28 MP: 4/4
   971 | D:2      | Noticed Jessica
   974 | D:2      | Killed Jessica
   975 | D:2      | Reached skill level 4 in Axes
   997 | D:2      | 997 ||| Stepping ~*~*~tactically~*~*~ (hiding).
  1225 | D:2      | 1225 ||| DROPPING +0 club.
  1362 | D:2      | 1362 ||| UPGRADING to amulet of the acrobat.
  1367 | D:2      | 1367 ||| READING scroll labelled MUFIMIKLOT.
  1368 | D:2      | 1368 ||| READING scroll labelled JUMOVV TI SETT.
  1372 | D:2      | 1372 ||| READING scroll labelled DIXUOQ PUWKOA.
  1373 | D:2      | 1373 ||| DRINKING 2 coppery potions.
  1431 | D:3      | Reached XP level 5. HP: 32/32 MP: 5/5
  1441 | D:3      | 1441 ||| Stepping ~*~*~tactically~*~*~ (stealth).
  1669 | D:3      | Reached skill level 5 in Axes
  1672 | D:3      | 1672 ||| Stepping ~*~*~tactically~*~*~ (stealth).
  1863 | D:3      | 1863 ||| DRINKING potion of curing.
  1863 | D:3      | 1863 ||| (to cure confusion)
  1865 | D:3      | Reached XP level 6. HP: 36/38 MP: 6/6
  2146 | D:3      | 2146 ||| Stepping ~*~*~tactically~*~*~ (hiding).
  2151 | D:3      | Reached skill level 1 in Dodging
  2202 | D:3      | Reached skill level 6 in Axes
  2283 | D:3      | Reached XP level 7. HP: 43/43 MP: 7/7
  2562 | D:3      | HP: 5/43 [gnoll/+0 halberd (8)]
  2563 | D:3      | 2563 ||| READING scroll of teleportation.
  2564 | D:3      | 2564 ||| DRINKING potion of heal wounds.
  2820 | D:3      | 2820 ||| Stepping ~*~*~tactically~*~*~ (stealth).
  2857 | D:3      | 2857 ||| Stepping ~*~*~tactically~*~*~ (hiding).
  3127 | D:3      | 3127 ||| UPGRADING to +0 plate armour.
  3137 | D:3      | 3137 ||| DROPPING +0 scale mail.
  3138 | D:3      | 3138 ||| UPGRADING to +6 ring of strength.
  3139 | D:3      | 3139 ||| READING scroll labelled GYJESS ISAKAAD.
  3140 | D:3      | 3140 ||| DRINKING 2 sedimented black potions.
  3225 | D:4      | Found a stormy altar of Qazlal.
  3335 | D:4      | 3335 ||| Stepping ~*~*~tactically~*~*~ (hiding).
  3530 | D:4      | Noticed an air elemental
  3531 | D:4      | Noticed a water elemental
  3531 | D:4      | Noticed a fire elemental
  3547 | D:4      | 3547 ||| DROPPING +2 whip of electrocution.
  3673 | D:4      | Reached skill level 7 in Axes
  3675 | D:4      | 3675 ||| Stepping ~*~*~tactically~*~*~ (stealth).
  3743 | D:4      | 3743 ||| DROPPING +0 mace.
  3768 | D:4      | 3768 ||| Stepping ~*~*~tactically~*~*~ (hiding).
  3771 | D:4      | 3771 ||| Stepping ~*~*~tactically~*~*~ (hiding).
  4198 | D:4      | 4198 ||| READING scroll labelled LOJAOS JIUSH.
  4199 | D:4      | 4199 ||| DRINKING 2 blue potions.
  4200 | D:4      | 4200 ||| DROPPING potion of enlightenment.
  4233 | D:5      | Entered Level 5 of the Dungeon
  4237 | D:5      | Noticed Edmund
  4239 | D:5      | 4239 ||| Stepping ~*~*~tactically~*~*~ (stealth).
  4260 | D:5      | Killed Edmund
  4265 | D:5      | 4265 ||| FLEEEEING.
  4266 | D:5      | 4266 ||| FLEEEEING.
  4267 | D:5      | 4267 ||| FLEEEEING.
  4268 | D:5      | 4268 ||| STAIRDANCE
  4322 | D:5      | Reached XP level 8. HP: 50/50 MP: 8/8
  4334 | D:5      | 4334 ||| STAIRDANCE
  4437 | D:5      | Reached skill level 1 in Throwing
  4483 | D:5      | Found a bloodstained altar of Trog.
  4558 | D:5      | 4558 ||| Stepping ~*~*~tactically~*~*~ (stealth).
  4565 | D:5      | HP: 11/50 [hound (5)]
  4903 | D:5      | Reached skill level 8 in Axes
  4991 | D:5      | 4991 ||| Stepping ~*~*~tactically~*~*~ (stealth).
  4993 | D:5      | 4993 ||| Stepping ~*~*~tactically~*~*~ (hiding).
  5011 | D:5      | 5011 ||| DROPPING +0 flail.
  5017 | D:5      | Found a staircase to the Ecumenical Temple.
  5018 | D:5      | 5018 ||| PLANNING TEMPLE
  5018 | D:5      | 5018 ||| UPGRADING to +6 ring of dexterity.
  5019 | D:5      | 5019 ||| READING scroll labelled BOENUI HOVO.
  5020 | D:5      | 5020 ||| READING scroll labelled HIUCSO SAIMU.
  5020 | D:5      | Identified a scroll of acquirement
  5020 | D:5      | 5020 ||| ACQUIRING +0 heavy war axe
  5020 | D:5      | Acquired a +0 heavy war axe
  5022 | D:5      | 5022 ||| UPGRADING to +0 heavy war axe.
  5031 | Temple   | Entered the Ecumenical Temple
  5055 | Temple   | 5055 ||| PLANNING OKAWARU WORSHIP
  5083 | Temple   | Became a worshipper of Warmaster Okawaru
  5084 | Temple   | 5084 ||| PLANNING D:1-11
  5111 | D:5      | Identified the +2 long sword of Mauling Painful Death
                  | {holy, Int+3}
  5210 | D:5      | Reached skill level 6 in Fighting
  5505 | D:6      | Reached XP level 9. HP: 55/55 MP: 9/9
  5553 | D:6      | 5553 ||| Stepping ~*~*~tactically~*~*~ (hiding).
  5554 | D:6      | 5554 ||| Stepping ~*~*~tactically~*~*~ (hiding).
  5563 | D:6      | Reached * piety under Okawaru
  5603 | D:6      | Found an ancient bone altar of Kikubaaqudgha.
  5610 | D:6      | Found a shimmering altar of Xom.
  5714 | D:6      | Reached skill level 1 in Invocations
  5782 | D:6      | 5782 ||| Stepping ~*~*~tactically~*~*~ (stealth).
  5850 | D:6      | 5850 ||| Stepping ~*~*~tactically~*~*~ (hiding).
  5851 | D:6      | 5851 ||| Stepping ~*~*~tactically~*~*~ (hiding).
  6004 | D:6      | Found a blossoming altar of Fedhas.
  6004 | D:6      | Found a snail-covered altar of Cheibriados.
  6004 | D:6      | Found an ornate altar of the Wu Jian Council.
  6082 | D:6      | Reached skill level 3 in Invocations
  6110 | D:6      | 6110 ||| UPGRADING to +2 cloak.
  6115 | D:6      | 6115 ||| UPGRADING to +0 pair of boots.
  6120 | D:6      | 6120 ||| READING 3 scrolls of identify.
  6120 | D:6      | 6120 ||| IDENTIFYING smoky white potion
  6121 | D:6      | 6121 ||| READING 2 scrolls of identify.
  6121 | D:6      | 6121 ||| IDENTIFYING glowing orange potion
  6122 | D:6      | 6122 ||| DROPPING potion of berserk rage.
  6158 | D:7      | 6158 ||| Stepping ~*~*~tactically~*~*~ (hiding).
  6160 | D:7      | 6160 ||| Stepping ~*~*~tactically~*~*~ (hiding).
  6161 | D:7      | 6161 ||| Stepping ~*~*~tactically~*~*~ (hiding).
  6163 | D:7      | 6163 ||| Stepping ~*~*~tactically~*~*~ (hiding).
  6371 | D:7      | Identified the +10 rapier of Invincibility {drain, rN+++
                  | Will- rCorr SInv}
  6412 | D:7      | Found a shadowy altar of Dithmenos.
  6418 | D:7      | Reached skill level 9 in Axes
  6456 | D:7      | 6456 ||| FLEEEEING.
  6457 | D:7      | 6457 ||| FLEEEEING.
  6458 | D:7      | 6458 ||| FLEEEEING.
  6459 | D:7      | 6459 ||| FLEEEEING.
  6464 | D:7      | 6464 ||| INVOKING Heroism.
  6576 | D:7      | 6576 ||| DROPPING +0 flail of protection.
  6662 | D:7      | 6662 ||| READING scroll labelled QICWUC TUOR.
  6676 | D:8      | 6676 ||| INVOKING Heroism.
  6815 | D:8      | 6815 ||| Stepping ~*~*~tactically~*~*~ (hiding).
  6851 | D:8      | 6851 ||| Stepping ~*~*~tactically~*~*~ (hiding).
  6852 | D:8      | 6852 ||| Stepping ~*~*~tactically~*~*~ (hiding).
  6917 | D:8      | 6917 ||| DRINKING 3 potions of curing.
  6917 | D:8      | 6917 ||| (to cure confusion)
  6923 | D:8      | 6923 ||| DRINKING 2 potions of curing.
  6923 | D:8      | 6923 ||| (to cure confusion)
  6930 | D:8      | Reached skill level 6 in Armour
  6935 | D:8      | 6935 ||| Stepping ~*~*~tactically~*~*~ (hiding).
  7032 | D:8      | Noticed Joseph
  7037 | D:8      | 7037 ||| INVOKING Heroism.
  7051 | D:8      | Killed Joseph
  7111 | D:8      | 7111 ||| FLEEEEING.
  7112 | D:8      | 7112 ||| FLEEEEING.
  7215 | D:8      | Found a hazy altar of Hepliaklqana.
  7234 | D:8      | 7234 ||| Stepping ~*~*~tactically~*~*~ (stealth).
  7235 | D:8      | 7235 ||| INVOKING Heroism.
  7241 | D:8      | Reached XP level 10. HP: 63/63 MP: 10/13
  7265 | D:8      | Noticed a two-headed ogre
  7266 | D:8      | 7266 ||| INVOKING Heroism.
  7273 | D:8      | Killed a two-headed ogre
  7273 | D:8      | Reached ** piety under Okawaru
  7414 | D:8      | 7414 ||| Stepping ~*~*~tactically~*~*~ (stealth).
  7417 | D:8      | 7417 ||| Stepping ~*~*~tactically~*~*~ (hiding).
  7424 | D:8      | 7424 ||| INVOKING Heroism.
  7426 | D:8      | Reached skill level 10 in Axes
  7754 | D:8      | Found Atwimnewn's Armour Shop.
  7762 | D:8      | 7762 ||| SHOPLISTING +0 ice dragon scales (720 gold, have
                  | 678).
  7762 | D:8      | 7762 ||| BUYING +0 scale mail of Mordant Life {Drain rCorr
                  | Stlth+} (165 gold).
  7762 | D:8      | Bought the +0 scale mail of Mordant Life {Drain rCorr
                  | Stlth+} for 165 gold pieces
  7932 | D:8      | 7932 ||| READING scroll labelled LESUOLYTSEA.
  7933 | D:8      | 7933 ||| READING scroll labelled GEISA DUACS.
  7934 | D:8      | 7934 ||| DRINKING 2 pink potions.
  7971 | D:9      | 7971 ||| FLEEEEING.
  7973 | D:9      | 7973 ||| FLEEEEING.
  7974 | D:9      | 7974 ||| FLEEEEING.
  7977 | D:9      | 7977 ||| STAIRDANCE
  7986 | D:8      | 7986 ||| FLEEEEING.
  7987 | D:8      | 7987 ||| FLEEEEING.
  7988 | D:8      | 7988 ||| FLEEEEING.
  7989 | D:8      | 7989 ||| FLEEEEING.
  7990 | D:8      | 7990 ||| FLEEEEING.
  7991 | D:8      | 7991 ||| FLEEEEING.
  7992 | D:8      | 7992 ||| FLEEEEING.
  7993 | D:8      | 7993 ||| FLEEEEING.
  7994 | D:8      | 7994 ||| FLEEEEING.
  7995 | D:8      | 7995 ||| FLEEEEING.
  7996 | D:8      | 7996 ||| FLEEEEING.
  8038 | D:9      | 8038 ||| STAIRDANCE
  8092 | D:9      | 8092 ||| STAIRDANCE
  8158 | D:9      | 8158 ||| STAIRDANCE
  8160 | D:8      | 8160 ||| INVOKING Heroism.
  8195 | D:9      | 8195 ||| STAIRDANCE
  8199 | D:8      | Reached *** piety under Okawaru
  8231 | D:9      | Found a staircase to the Lair.
  8342 | D:9      | Found an opulent altar of Gozag.
  8350 | D:9      | You fall into a shaft and drop 3 floors!
  8351 | D:12     | 8351 ||| READING 2 scrolls of identify.
  8351 | D:12     | 8351 ||| IDENTIFYING fuming orange potion
  8357 | D:11     | Noticed a purple ugly thing
  8368 | D:11     | 8368 ||| INVOKING Heroism.
  8370 | D:11     | Killed a purple ugly thing
  8371 | D:11     | Reached skill level 11 in Axes
  8371 | D:11     | Reached XP level 11. HP: 40/68 MP: 11/14
  8486 | D:10     | Entered Level 10 of the Dungeon
  8486 | D:10     | Found a sacrificial altar of Ru.
  8538 | D:10     | Found a runed translucent door.
  8539 | D:10     | Noticed qw's ghost (novice GrFi)
  8541 | D:10     | Identified the +3 spear of Divine Punishment {venom, Dex+4}
  8561 | D:10     | Found Ycihaneq's Distillery.
  8569 | D:10     | 8569 ||| BUYING potion of heal wounds (70 gold).
  8569 | D:10     | Bought a potion of heal wounds for 70 gold pieces
  8569 | D:10     | 8569 ||| BUYING potion of mutation (112 gold).
  8569 | D:10     | Bought a potion of mutation for 112 gold pieces
  8578 | D:10     | 8578 ||| READING scroll of enchant armour.
  8578 | D:10     | 8578 ||| ENCHANTING +0 pair of gloves.
  8764 | D:9      | Found a staircase to the Orcish Mines.
  8829 | D:9      | Noticed a boulder beetle
  8830 | D:9      | 8830 ||| INVOKING Heroism.
  8855 | D:9      | Killed a boulder beetle
  8855 | D:9      | Received a gift from Okawaru
  8927 | D:9      | Found a sparkling altar of Nemelex Xobeh.
  8934 | D:9      | 8934 ||| READING scroll of enchant armour.
  8934 | D:9      | 8934 ||| ENCHANTING +1 pair of gloves.
  9157 | D:9      | 9157 ||| PLANNING LAIR
  9161 | Lair:1   | Entered Level 1 of the Lair of Beasts
  9242 | Lair:1   | 9242 ||| Stepping ~*~*~tactically~*~*~ (stealth).
  9243 | Lair:1   | 9243 ||| Stepping ~*~*~tactically~*~*~ (stealth).
  9256 | Lair:1   | 9256 ||| Stepping ~*~*~tactically~*~*~ (stealth).
  9349 | Lair:1   | 9349 ||| Stepping ~*~*~tactically~*~*~ (stealth).
  9351 | Lair:1   | 9351 ||| Stepping ~*~*~tactically~*~*~ (stealth).
  9355 | Lair:1   | Reached skill level 9 in Fighting
  9358 | Lair:1   | 9358 ||| INVOKING Heroism.
  9365 | Lair:1   | Reached skill level 3 in Dodging
  9630 | Lair:1   | 9630 ||| Stepping ~*~*~tactically~*~*~ (stealth).
  9633 | Lair:1   | 9633 ||| INVOKING Heroism.
  9668 | Lair:1   | 9668 ||| INVOKING Heroism.
  9731 | Lair:1   | 9731 ||| INVOKING Heroism.
 10155 | Lair:1   | 10155 ||| DROPPING +6 ring of intelligence.
 10156 | Lair:1   | 10156 ||| READING scroll labelled TALAUTHRE UTSIAB.
 10299 | Lair:2   | 10299 ||| INVOKING Heroism.
 10302 | Lair:2   | Reached skill level 12 in Axes
 10364 | Lair:2   | Identified the staff of conjuration "Hiap" {Drain rElec
                  | rCorr Dex+4}
 10404 | Lair:2   | 10404 ||| INVOKING Heroism.
 10411 | Lair:2   | Reached skill level 6 in Shields
 10413 | Lair:2   | Reached **** piety under Okawaru
 10423 | Lair:2   | Reached skill level 9 in Armour
 10434 | Lair:2   | 10434 ||| INVOKING Heroism.
 10448 | Lair:2   | Reached XP level 12. HP: 53/76 MP: 14/16
 10566 | Lair:2   | Found a staircase to the Swamp.
 10647 | Lair:2   | Noticed Gastronok
 10648 | Lair:2   | 10648 ||| INVOKING Heroism.
 10658 | Lair:2   | Killed Gastronok
 10659 | Lair:2   | Reached skill level 6 in Invocations
 10986 | Lair:2   | 10986 ||| INVOKING Heroism.
 11011 | Lair:2   | Noticed a boulder beetle
 11014 | Lair:2   | 11014 ||| INVOKING Heroism.
 11029 | Lair:2   | Killed a boulder beetle
 11142 | Lair:2   | Noticed a six-headed hydra
 11143 | Lair:2   | 11143 ||| INVOKING Heroism.
 11146 | Lair:2   | 11146 ||| SWAPPING to +0 eveningstar.
 11157 | Lair:2   | HP: 17/77 [six-headed hydra (10)]
 11158 | Lair:2   | 11158 ||| READING 4 scrolls of teleportation.
 11159 | Lair:2   | 11159 ||| DRINKING 2 potions of heal wounds.
 11163 | Lair:2   | Killed a six-headed hydra
 11244 | Lair:2   | 11244 ||| FLEEEEING.
 11245 | Lair:2   | 11245 ||| FLEEEEING.
 11246 | Lair:2   | 11246 ||| FLEEEEING.
 11247 | Lair:2   | 11247 ||| FLEEEEING.
 11248 | Lair:2   | 11248 ||| FLEEEEING.
 11249 | Lair:2   | 11249 ||| STAIRDANCE
 11333 | Lair:1   | 11333 ||| UPGRADING to +1 war axe.
 11334 | Lair:1   | 11334 ||| UPGRADING to +0 heavy war axe.
 11335 | Lair:1   | 11335 ||| UPGRADING to +2 hat.
 11340 | Lair:1   | 11340 ||| UPGRADING to +5 ring of evasion.
 11342 | Lair:1   | 11342 ||| UPGRADING to +6 ring of strength.
 11344 | Lair:1   | 11344 ||| DROPPING +6 ring of dexterity.
 11345 | Lair:1   | 11345 ||| READING scroll labelled WIMIREO MUWEB.
 11346 | Lair:1   | 11346 ||| DRINKING 3 fizzy inky potions.
 11349 | Lair:2   | 11349 ||| INVOKING Heroism.
 11381 | Lair:2   | Noticed a death yak
 11381 | Lair:2   | 11381 ||| INVOKING Heroism.
 11394 | Lair:2   | Killed a death yak
 11492 | Lair:2   | 11492 ||| INVOKING Heroism.
 11523 | Lair:2   | Reached ***** piety under Okawaru
 11582 | Lair:2   | 11582 ||| Stepping ~*~*~tactically~*~*~ (stealth).
 11586 | Lair:2   | 11586 ||| INVOKING Heroism.
 11599 | Lair:2   | 11599 ||| INVOKING Heroism.
 11615 | Lair:2   | Reached skill level 13 in Axes
 11824 | Lair:3   | Reached skill level 9 in Invocations
 11824 | Lair:3   | Noticed an eight-headed hydra
 11827 | Lair:3   | 11827 ||| STAIRDANCE
 11902 | Lair:3   | 11902 ||| INVOKING Heroism.
 11907 | Lair:3   | 11907 ||| SWAPPING to +0 eveningstar.
 11914 | Lair:3   | Killed an eight-headed hydra
 11948 | Lair:3   | 11948 ||| INVOKING Heroism.
 12004 | Lair:3   | 12004 ||| UPGRADING to +1 war axe.
 12005 | Lair:3   | 12005 ||| UPGRADING to +0 heavy war axe.
 12118 | Lair:3   | 12118 ||| Stepping ~*~*~tactically~*~*~ (stealth).
 12120 | Lair:3   | 12120 ||| Stepping ~*~*~tactically~*~*~ (stealth).
 12127 | Lair:3   | Reached XP level 13. HP: 76/82 MP: 20/20
 12159 | Lair:3   | 12159 ||| Stepping ~*~*~tactically~*~*~ (stealth).
 12303 | Lair:3   | 12303 ||| FLEEEEING.
 12391 | Lair:3   | 12391 ||| INVOKING Heroism.
 12392 | Lair:3   | 12392 ||| INVOKING Finesse.
 12657 | Lair:3   | Received a gift from Okawaru
 12659 | Lair:3   | 12659 ||| Stepping ~*~*~tactically~*~*~ (stealth).
 12743 | Lair:3   | 12743 ||| INVOKING Heroism.
 12982 | Lair:3   | Found a staircase to the Snake Pit.
 12989 | Lair:3   | 12989 ||| INVOKING Heroism.
 13123 | Lair:3   | 13123 ||| DROPPING +0 pair of gloves of dexterity.
 13124 | Lair:3   | 13124 ||| READING 2 scrolls of identify.
 13124 | Lair:3   | 13124 ||| IDENTIFYING amethyst potion
 13233 | Lair:4   | 13233 ||| Stepping ~*~*~tactically~*~*~ (stealth).
 13234 | Lair:4   | 13234 ||| Stepping ~*~*~tactically~*~*~ (stealth).
 13288 | Lair:4   | 13288 ||| Stepping ~*~*~tactically~*~*~ (stealth).
 13289 | Lair:4   | 13289 ||| Stepping ~*~*~tactically~*~*~ (stealth).
 13291 | Lair:4   | 13291 ||| Stepping ~*~*~tactically~*~*~ (stealth).
 13698 | Lair:4   | 13698 ||| READING 3 scrolls of enchant armour.
 13698 | Lair:4   | 13698 ||| ENCHANTING +0 pair of boots.
 13699 | Lair:4   | 13699 ||| READING 2 scrolls of enchant armour.
 13699 | Lair:4   | 13699 ||| ENCHANTING +1 pair of boots.
 13700 | Lair:4   | 13700 ||| READING scroll of enchant armour.
 13700 | Lair:4   | 13700 ||| ENCHANTING +0 plate armour.
 13841 | Lair:4   | 13841 ||| DROPPING +2 pair of boots.
 13842 | Lair:4   | 13842 ||| DROPPING +4 ring of protection.
 13843 | Lair:4   | 13843 ||| DROPPING ring of wizardry.
 13873 | Lair:5   | Entered Level 5 of the Lair of Beasts
 13897 | Lair:5   | 13897 ||| INVOKING Heroism.
 13901 | Lair:5   | Reached skill level 14 in Axes
 13920 | Lair:5   | 13920 ||| Stepping ~*~*~tactically~*~*~ (stealth).
 13921 | Lair:5   | 13921 ||| Stepping ~*~*~tactically~*~*~ (stealth).
 13935 | Lair:5   | 13935 ||| Stepping ~*~*~tactically~*~*~ (hiding).
 13948 | Lair:5   | 13948 ||| INVOKING Heroism.
 14013 | Lair:5   | 14013 ||| FLEEEEING.
 14014 | Lair:5   | 14014 ||| FLEEEEING.
 14015 | Lair:5   | 14015 ||| FLEEEEING.
 14016 | Lair:5   | 14016 ||| FLEEEEING.
 14020 | Lair:5   | 14020 ||| FLEEEEING.
 14021 | Lair:5   | 14021 ||| FLEEEEING.
 14022 | Lair:5   | 14022 ||| FLEEEEING.
 14023 | Lair:5   | 14023 ||| FLEEEEING.
 14024 | Lair:5   | 14024 ||| FLEEEEING.
 14025 | Lair:5   | 14025 ||| FLEEEEING.
 14026 | Lair:5   | 14026 ||| FLEEEEING.
 14027 | Lair:5   | 14027 ||| FLEEEEING.
 14067 | Lair:5   | 14067 ||| INVOKING Heroism.
 14080 | Lair:5   | HP: 11/84 [death yak (11)]
 14081 | Lair:5   | 14081 ||| READING 5 scrolls of teleportation.
 14082 | Lair:5   | 14082 ||| DRINKING potion of heal wounds.
 14128 | Lair:5   | 14128 ||| INVOKING Heroism.
 14155 | Lair:5   | 14155 ||| INVOKING Heroism.
 14255 | Lair:5   | Found a staircase to the Slime Pits.
 14255 | Lair:5   | Found a viscous altar of Jiyva.
 14294 | Lair:5   | Identified the +1 short sword "Beetlebane" {speed, rElec
                  | Str+2 Int-2}
 14301 | Lair:5   | 14301 ||| Stepping ~*~*~tactically~*~*~ (hiding).
 14304 | Lair:5   | 14304 ||| INVOKING Heroism.
 14317 | Lair:5   | Received a gift from Okawaru
 14321 | Lair:5   | HP: 14/84 [meliai/divine providence (10)]
 14322 | Lair:5   | 14322 ||| READING 4 scrolls of teleportation.
 14322 | Lair:5   | HP: 6/84 [elephant (6)]
 14322 | Lair:5   | Slain by a death yak

Levels and vault maps discovered:
D:1:      lightli_arrival_quake, layout_loops_ring
D:2:      layout_rooms, uniq_terence, uniq_jessica
D:3:      minmay_goblin_kobold_castle, layout_basic,
          chequers_serial_rivers_room_a, st_stairs_1
D:4:      layout_basic, nicolae_qazlal_style_of_elements
D:5:      layout_basic, mainiacjoe_overflow_24_doors, minmay_temple_entry_glass,
          minmay_a_box_with_orc_wizards_in_it, uniq_edmund
D:6:      layout_loops_ring, mainiacjoe_overflow_cross_hatched, xom_butterflies,
          gammafunk_temple_overflow_claw
D:7:      layout_rooms, amcnicky_altar_gilded
D:8:      layout_basic, nicolae_hepliaklqana_monster_ancestors, serial_shops,
          shop, grunt_ministairs_9, uniq_joseph
D:9:      layout_basic, overflow_temple_1_default, old_standard_altar,
          david_lair_shrubbed, david_orc_2, hangedman_decor_push
D:10:     layout_irregular_city, mainiacjoe_overflow_catwalk,
          amethyst_overflow_temple_binary, yredelemnul_forgotten_temple_becter,
          zin_statuary, serial_shops, nicolae_shop_trees,
          ebering_ghost_funeral_grove
D:11:     layout_stronghold, portal_ice_cave_entry_pillars_2, uniq_harold,
          uniq_nergalle
D:12:     layout_basic, minmay_microvault
Temple:   corrupted_temple
Lair:1:   layout_regular_city, serial_bayou_shore_a, lemuel_fruit_tree
Lair:2:   nzn_winding_woodlands_three_and_one
          [nzn_winding_woodlands_5x15_parted, nzn_winding_woodlands_5x15_cabin,
          nzn_winding_woodlands_5x15_crooked,
          nzn_winding_woodlands_center_pierced_h], layout_chaotic_city,
          swamp_mist_pool, uniq_gastronok
Lair:3:   layout_long_grid, nicolae_snake_entry_warm_welcome
Lair:4:   layout_gridlike, grunt_megastairs_5
Lair:5:   hellmonk_lair_end_abyssal_woods, layout_gridlike, slime_entry_1,
          special_room [special_room_bee], pdpol_lair_cavern_descent,
          serial_bayou_shore_b, infiniplex_staircase_pool

Skill      XL: |  1  2  3  4  5  6  7  8  9 10 11 12 13 |
---------------+----------------------------------------+-----
Axes           | 2 3 4 5 6 7 8 9 11 12 13 14 | 14.5
Fighting       | 4 5 6 7 8 9 10 11 | 11.0
Dodging        | 1 2 3 |  3.2
Armour         | 5 6 7 9 10 | 10.0
Throwing       | 1 2 |  2.8
Invocations    | 4 5 9 10 | 10.0
Shields        | 4 5 6 7 |  7.1

Action                     |  1- 3 |  4- 6 |  7- 9 | 10-12 | 13-15 || total
---------------------------+-------+-------+-------+-------+-------++-------
  Melee: War axe           |    66 |   144 |   367 |   334 |   192 ||  1103
         Eveningstar       |       |       |       |    25 |       ||    25
  Throw: Boomerang         |       |       |    56 |    28 |       ||    84
         Javelin           |       |       |       |     8 |    19 ||    27
 Invoke: Heroism           |       |       |     4 |    23 |     9 ||    36
         Finesse           |       |       |       |       |     1 ||     1
    Use: Scroll            |     2 |     3 |     8 |     8 |     6 ||    27
         Potion            |     1 |     2 |     5 |     3 |     1 ||    12
 Armour: Scale mail        |    20 |    68 |    78 |       |       ||   166
         Plate armour      |       |       |   200 |   268 |   153 ||   621
  Dodge: Dodged            |    22 |    69 |   191 |   224 |   193 ||   699
  Block: Buckler           |    17 |    36 |    71 |   135 |    86 ||   345

Table legend:
 A = Non-vault XP
 B = Vault XP
 C = Vault XP percentage of total XP
 D = Non-vault monster count
 E = Vault monster count
 F = Vault count percentage of total count
                 A         B        C        D         E       F
            +---------+---------+-------+---------+---------+-------
      Total |   33189 |   17902 |  35.0 |     265 |     150 |  36.1
            +---------+---------+-------+---------+---------+-------
        D:1 |      40 |       0 |   0.0 |      15 |       0 |   0.0
        D:2 |      47 |      73 |  60.8 |      13 |       2 |  13.3
        D:3 |     193 |     434 |  69.2 |      21 |      57 |  73.1
        D:4 |     265 |       0 |   0.0 |      19 |       0 |   0.0
        D:5 |     635 |     304 |  32.4 |      16 |       4 |  20.0
        D:6 |    1298 |       0 |   0.0 |      19 |       0 |   0.0
        D:7 |     276 |       0 |   0.0 |       8 |       0 |   0.0
        D:8 |    2922 |    1016 |  25.8 |      37 |      17 |  31.5
        D:9 |    2265 |      21 |   0.9 |      10 |       7 |  41.2
       D:10 |      58 |       0 |   0.0 |       1 |       0 |   0.0
       D:11 |     575 |       0 |   0.0 |       1 |       0 |   0.0
     Lair:1 |    3906 |       0 |   0.0 |      27 |       0 |   0.0
     Lair:2 |    5610 |    9550 |  63.0 |      22 |      25 |  53.2
     Lair:3 |    7003 |     621 |   8.1 |      27 |       3 |  10.0
     Lair:4 |    2988 |     576 |  16.2 |      16 |       2 |  11.1
     Lair:5 |    5108 |    5307 |  51.0 |      13 |      33 |  71.7
            +---------+---------+-------+---------+---------+-------
